AoeStats
← the best player in the universe

Arena

504000305Analyzed
1v1 RM · 29d ago on Sep 3, 2026· 56m 40s· 2 players
Game mode
Random Map
Map size
Tiny (2 player)
Population
200
Speed
Normal
Resources
Standard
Victory
Conquest
Starting age
Dark Age
Ending age
Imperial Age
RankedLock teamsTeams togetherTeam positionsShared explorationLock speedFull tech treeHidden civsTurbo modeCheats
Victory
Defeat
🇰🇷 Bohemians · South Korea
1213
+14
1175
-14
the best player in the universe
11:12 Feudal Age
9:42 Loom
14:35 Castle Age
13:40 Stone Mining
13:46 Double-Bit Axe
18:17 Horse Collar
21:09 Wheelbarrow
21:26 Fletching
22:25 Gold Mining
24:02 Heavy Plow
25:01 Bow Saw
25:31 Gold Shaft Mining
26:41 Bodkin Arrow
28:03 Hand Cart
28:30 Red Cliffs Tactics
31:27 Redemption
34:14 Imperial Age
34:46 Stone Shaft Mining
34:23 Elite Fire Archer
35:14 Bracer
39:33 Chemistry
38:57 Ballistics
42:22 Heavy Hei Guang Cavalry
43:02 Husbandry
43:13 Bloodlines
43:15 Forging
44:22 Two-Man Saw
43:55 Scale Barding Armor
44:31 Iron Casting
45:04 Chain Barding Armor
46:17 Blast Furnace
46:54 Padded Archer Armor
48:02 Plate Barding Armor
50:59 Onager
deux1002
11:25 Feudal Age
15:40 Castle Age
13:59 Double-Bit Axe
16:30 Husbandry
19:19 Loom
20:00 Fervor
26:25 Fletching
28:33 Horse Collar
33:54 Imperial Age
31:49 Bodkin Arrow
33:17 Wheelbarrow
35:00 Chemistry
35:47 Bracer
37:54 Bow Saw
42:46 Elite Hussite Wagon
44:10 Heavy Plow
45:14 Conscription
45:39 Pikeman
47:17 Squires
47:41 Forging
48:38 Halberdier
50:49 Two-Man Saw
50:26 Iron Casting
50:28 Scale Mail Armor
50:28 Murder Holes
50:44 Masonry
52:34 Hand Cart
54:31 Husbandry
55:26 Chain Mail Armor
55:38 Light Cavalry
Connection lost

Rejoining the realm…

Still unreachable

The connection could not be restored.

Session expired

The server has moved on; the page needs a fresh start.